IL
RENO ACES @ IOWA CUBS
09/01/2044
 
TOP OF THE 1ST
Reno Aces batting - Pitching for Iowa Cubs : RHP Chris Allen
Pitching: RHP Chris Allen
Batting: RHB Joe Smack 0-0: Called Strike
0-1: Ball
1-1: Foul Ball, location: 2F
1-2: Strikes out looking
Batting: RHB Andy Swaim 0-0: Called Strike
0-1: SOLO HOME RUN (Flyball, 78XD, EV 100.0 MPH), Distance : 391 ft
Batting: RHB Katilimomi Kelekolio 0-0: Ball
1-0: Called Strike
1-1: Hit by Pitch, AND HE CHARGES THE MOUND! The benches clear!
Pitching: LHP Steve McClain
Pinch Runner at 1st Josh Kirk:
Batting: SHB Salvador Aragon 0-0: Called Strike
0-1: Ball
1-1: Fly out, F8 (Flyball, 89S, EV 80.0 MPH)
Batting: LHB Chris Escobar 0-0: Called Strike
0-1: Ball
Josh Kirk steals 2nd base
1-1: Swinging Strike
1-2: Ball
2-2: Foul Ball, location: 2F
2-2: Ball
3-2: Foul Ball, location: 2F
3-2: Base on Balls
Batting: SHB Warren Eisner 0-0: Ball
1-0: Ball
2-0: Ball
3-0: Called Strike
3-1: 3-RUN HOME RUN (Flyball, 89XD, EV 101.9 MPH), Distance : 386 ft
Batting: RHB Alex Vasquez 0-0: Ball
1-0: Ball
2-0: Foul Ball, location: 2F
2-1: DOUBLE (Flyball, 8LXD, EV 100.0 MPH)
Batting: RHB Juan Espinoza 0-0: Ground out 6-3 (Groundball, 6, EV 111.2 MPH)
Top of the 1st over - 4 runs, 3 hits, 0 errors, 1 left on base; Reno 4 - Iowa 0
BOTTOM OF THE 1ST
Iowa Cubs batting - Pitching for Reno Aces : RHP Jon Schau
Pitching: RHP Jon Schau
Now at SS: Josh Kirk
Batting: LHB Barend van der Kamp 0-0: Ball
1-0: Swinging Strike
1-1: Called Strike
1-2: Foul Ball, location: 2F
1-2: Ball
2-2: Foul Ball, location: 2F
2-2: Foul Ball, location: 2F
2-2: Foul Ball, location: 2F
2-2: Fly out, F8 (Flyball, 8RXD, EV 96.9 MPH)
Batting: RHB Pat Barton 0-0: Foul Ball, location: 2F
0-1: Ball
1-1: Ball
2-1: Ground out 4-3 (Groundball, 34, EV 95.0 MPH)
Batting: SHB Tim Hone 0-0: Swinging Strike
0-1: Ball
1-1: Ball
2-1: DOUBLE (Line Drive, 9LM, EV 93.8 MPH)
Batting: RHB Butch Koglin 0-0: Called Strike
0-1: Ball
1-1: Ball
2-1: Foul Ball, location: 2F
2-2: Ball
3-2: Ground out U3 (Groundball, 3, EV 102.5 MPH)
Bottom of the 1st over - 0 runs, 1 hit, 0 errors, 1 left on base; Reno 4 - Iowa 0
TOP OF THE 2ND
Reno Aces batting - Pitching for Iowa Cubs : LHP Steve McClain
Batting: RHB Toichiro Fujimoto 0-0: Called Strike
0-1: Called Strike
0-2: Foul Ball, location: 2F
0-2: Foul Ball, location: 2F
0-2: Foul Ball, location: 2F
0-2: Ball
1-2: Fly out, F7 (Line Drive, 7, EV 100.0 MPH)
Batting: RHB Joe Smack 0-0: Called Strike
0-1: DOUBLE (Line Drive, 89D, EV 111.9 MPH)
Batting: RHB Andy Swaim 0-0: Called Strike
0-1: Ball
1-1: Ground out 6-3 (Groundball, 6, EV 88.8 MPH)
Joe Smack to third
Batting: LHB Josh Kirk 0-0: Fly out, F8 (Flyball, 8RS, EV 94.4 MPH)
Top of the 2nd over - 0 runs, 1 hit, 0 errors, 1 left on base; Reno 4 - Iowa 0
BOTTOM OF THE 2ND
Iowa Cubs batting - Pitching for Reno Aces : RHP Jon Schau
Batting: LHB Rich Atterberry 0-0: Swinging Strike
0-1: DOUBLE (Flyball, 78D, EV 99.4 MPH)
Batting: SHB Seung-ho Zhang 0-0: Ball
1-0: Ball
2-0: Foul Ball, location: 2F
2-1: Fly out, F8 (Line Drive, 8LD, EV 104.4 MPH)
Batting: SHB Nick Chandler 0-0: Called Strike
0-1: Foul Ball, location: 2F
0-2: Ball
1-2: Strikes out swinging
Batting: LHB Jose Mojica 0-0: Called Strike
0-1: Ball
1-1: SINGLE (Groundball, 4MD, EV 98.8 MPH) (infield hit)
Rich Atterberry to third
Batting: LHB Bobby Adams 0-0: Ball
1-0: Foul Ball, location: 2F
1-1: Fly out, F8 (Line Drive, 8RD, EV 93.1 MPH)
Bottom of the 2nd over - 0 runs, 2 hits, 0 errors, 2 left on base; Reno 4 - Iowa 0
TOP OF THE 3RD
Reno Aces batting - Pitching for Iowa Cubs : LHP Steve McClain
Batting: SHB Salvador Aragon 0-0: Ball
1-0: Swinging Strike
1-1: Swinging Strike
1-2: Foul Ball, location: 2F
1-2: Strikes out swinging
Batting: LHB Chris Escobar 0-0: Called Strike
0-1: Ball
1-1: Foul Ball, location: 2F
1-2: Foul Ball, location: 2F
1-2: Fly out, F2 (Popup, 5SF, EV 80.6 MPH)
Batting: SHB Warren Eisner 0-0: Ball
1-0: Called Strike
1-1: Ball
2-1: Foul Ball, location: 2F
2-2: Ball
3-2: Base on Balls
Pitching: RHP Mike Richardson
Batting: RHB Alex Vasquez 0-0: Called Strike
0-1: Ball
1-1: Called Strike
1-2: Ground out 5-3 (Groundball, 56S, EV 70.0 MPH)
Top of the 3rd over - 0 runs, 0 hits, 0 errors, 1 left on base; Reno 4 - Iowa 0
BOTTOM OF THE 3RD
Iowa Cubs batting - Pitching for Reno Aces : RHP Jon Schau
Batting: LHB Barend van der Kamp 0-0: Ball
1-0: Swinging Strike
1-1: Ball
2-1: Foul Ball, location: 2F
2-2: Foul Ball, location: 2F
2-2: Foul Ball, location: 2F
2-2: Hit by Pitch
Batting: RHB Pat Barton 0-0: Ball
Barend van der Kamp steals 2nd base
1-0: Called Strike
Barend van der Kamp steals 3rd base
1-1: Ball
2-1: Ball
3-1: Foul Ball, location: 2F
3-2: Base on Balls
Batting: SHB Tim Hone 0-0: Ball
Pat Barton steals 2nd base
1-0: Called Strike
1-1: Ball
2-1: Ball
3-1: Ground out U3 (Groundball, 3, EV 111.9 MPH)
Batting: RHB Butch Koglin 0-0: Ball
1-0: Called Strike
1-1: Ball
2-1: Ground out 5-3 (Groundball, 56, EV 90.6 MPH)
Barend van der Kamp scores
Batting: LHB Rich Atterberry 0-0: Ball
1-0: Ball
2-0: Foul Ball, location: 2F
2-1: Swinging Strike
2-2: Ball
3-2: Base on Balls
Batting: SHB Seung-ho Zhang 0-0: Foul Ball, location: 2F
0-1: Ground out 4-3 (Groundball, 4, EV 87.5 MPH)
Bottom of the 3rd over - 1 run, 0 hits, 0 errors, 2 left on base; Reno 4 - Iowa 1
TOP OF THE 4TH
Reno Aces batting - Pitching for Iowa Cubs : RHP Mike Richardson
Batting: RHB Juan Espinoza 0-0: Ball
1-0: Foul Ball, location: 2F
1-1: Called Strike
1-2: Strikes out swinging
Batting: RHB Toichiro Fujimoto 0-0: Ground out 6-3 (Groundball, 6, EV 85.6 MPH)
Batting: RHB Joe Smack 0-0: Called Strike
0-1: Swinging Strike
0-2: Ball
1-2: Foul Ball, location: 2F
1-2: Fly out, F4 (Popup, 23, EV 83.8 MPH)
Top of the 4th over - 0 runs, 0 hits, 0 errors, 0 left on base; Reno 4 - Iowa 1
BOTTOM OF THE 4TH
Iowa Cubs batting - Pitching for Reno Aces : RHP Jon Schau
Batting: SHB Nick Chandler 0-0: Called Strike
0-1: Ground out 1-3 (Groundball, P, EV 71.9 MPH)
Batting: LHB Jose Mojica 0-0: Ball
1-0: Ground out 4-3 (Groundball, 4M, EV 77.5 MPH)
Batting: LHB Bobby Adams 0-0: SINGLE (Line Drive, 56, EV 96.9 MPH)
Batting: LHB Barend van der Kamp 0-0: Ball
1-0: Fly out, F7 (Flyball, 7S, EV 95.6 MPH)
Bottom of the 4th over - 0 runs, 1 hit, 0 errors, 1 left on base; Reno 4 - Iowa 1
TOP OF THE 5TH
Reno Aces batting - Pitching for Iowa Cubs : RHP Mike Richardson
Batting: RHB Andy Swaim 0-0: Ball
1-0: Ball
2-0: Called Strike
2-1: Foul Ball, location: 2F
2-2: Ball
3-2: Foul Ball, location: 2F
3-2: Base on Balls
Batting: LHB Josh Kirk 0-0: SINGLE (Groundball, 4D, EV 105.0 MPH)
Andy Swaim to second
Runner from 2nd tries for 3rd, SAFE, throw by CF made to third
Batting: SHB Salvador Aragon 0-0: Ball
1-0: Called Strike
1-1: Foul Ball, location: 2F
1-2: Foul Ball, location: 2F
1-2: Ball
2-2: SINGLE (Line Drive, 4MD, EV 96.2 MPH)
Andy Swaim scores
Josh Kirk to second
Batting: LHB Chris Escobar 0-0: Ball
1-0: Called Strike
1-1: Ball
2-1: Fly out, F6 (Flyball, 56D, EV 85.6 MPH)
Batting: SHB Warren Eisner 0-0: Called Strike
0-1: Ball
1-1: Foul Ball, location: 2F
1-2: Ball
2-2: Foul Ball, location: 2F
2-2: Strikes out swinging
Batting: RHB Alex Vasquez 0-0: Fly out, F8 (Flyball, 8RD, EV 91.9 MPH)
Top of the 5th over - 1 run, 2 hits, 0 errors, 2 left on base; Reno 5 - Iowa 1
BOTTOM OF THE 5TH
Iowa Cubs batting - Pitching for Reno Aces : RHP Jon Schau
Batting: RHB Pat Barton 0-0: Called Strike
0-1: Ball
1-1: Ball
2-1: Swinging Strike
2-2: Ground out 4-3 (Groundball, 4, EV 98.8 MPH)
Pitching: LHP Mike Brown
Batting: SHB Tim Hone 0-0: Ball
1-0: Ball
2-0: Ball
3-0: Called Strike
3-1: Base on Balls
Batting: RHB Butch Koglin 0-0: Called Strike
0-1: Ball
1-1: Foul Ball, location: 2F
1-2: Ball
2-2: Ball
3-2: Fielders Choice at 2nd, 6-4 (Groundball, 6, EV 101.2 MPH)
Batting: LHB Rich Atterberry 0-0: Ground out 6-3 (Groundball, 6MS, EV 76.2 MPH)
Bottom of the 5th over - 0 runs, 0 hits, 0 errors, 1 left on base; Reno 5 - Iowa 1
TOP OF THE 6TH
Reno Aces batting - Pitching for Iowa Cubs : RHP Mike Richardson
Batting: RHB Juan Espinoza 0-0: SINGLE (Line Drive, 8RM, EV 111.9 MPH)
Batting: RHB Toichiro Fujimoto 0-0: Called Strike
0-1: Ball
1-1: Ball
2-1: Grounds into double play, 4-6-3 (Groundball, 4, EV 84.4 MPH)
Batting: RHB Joe Smack 0-0: Ball
1-0: Ball
2-0: Called Strike
2-1: Ball
3-1: Swinging Strike
3-2: Strikes out looking
Top of the 6th over - 0 runs, 1 hit, 0 errors, 0 left on base; Reno 5 - Iowa 1
BOTTOM OF THE 6TH
Iowa Cubs batting - Pitching for Reno Aces : LHP Mike Brown
Batting: SHB Seung-ho Zhang 0-0: Called Strike
0-1: Ball
1-1: Swinging Strike
1-2: Ground out 6-3 (Groundball, 6, EV 110.0 MPH)
Batting: SHB Nick Chandler 0-0: Fly out, F7 (Flyball, 78M, EV 91.2 MPH)
Batting: LHB Jose Mojica 0-0: Swinging Strike
0-1: Ball
1-1: Ball
2-1: Called Strike
2-2: Foul Ball, location: 2F
2-2: Ball
3-2: Strikes out swinging
Bottom of the 6th over - 0 runs, 0 hits, 0 errors, 0 left on base; Reno 5 - Iowa 1
TOP OF THE 7TH
Reno Aces batting - Pitching for Iowa Cubs : RHP Mike Richardson
Pitching: RHP Andy Temples
Batting: RHB Andy Swaim 0-0: Swinging Strike
0-1: Fly out, F8 (Flyball, 8LS, EV 80.6 MPH)
Batting: LHB Josh Kirk 0-0: Ball
1-0: Ball
2-0: SINGLE (Flyball, 6MD, EV 93.8 MPH)
Batting: SHB Salvador Aragon 0-0: Called Strike
0-1: SINGLE (Line Drive, 34D, EV 103.8 MPH)
Josh Kirk to second
Josh Kirk to third
Batting: LHB Chris Escobar 0-0: Ball
1-0: Fly out, F7 (Flyball, 78S, EV 86.2 MPH)
Batting: SHB Warren Eisner 0-0: Called Strike
0-1: Foul Ball, location: 2F
0-2: Ball
1-2: Ground out 1-3 (Groundball, 23, EV 66.2 MPH)
Top of the 7th over - 0 runs, 2 hits, 0 errors, 2 left on base; Reno 5 - Iowa 1
BOTTOM OF THE 7TH
Iowa Cubs batting - Pitching for Reno Aces : LHP Mike Brown
Batting: LHB Bobby Adams 0-0: Ball
1-0: SINGLE (Line Drive, 78M, EV 88.1 MPH)
Batting: LHB Barend van der Kamp 0-0: Called Strike
0-1: Grounds out, U3 (Groundball, 3L, EV 107.5 MPH)
Batting: RHB Pat Barton 0-0: Ground out 6-3 (Groundball, 6, EV 76.9 MPH)
Bobby Adams to third
Batting: SHB Tim Hone 0-0: Called Strike
0-1: SINGLE (Groundball, 6D, EV 93.8 MPH)
Bobby Adams scores
Batting: RHB Butch Koglin 0-0: Called Strike
0-1: Ball
1-1: Called Strike
Tim Hone steals 2nd base
1-2: Ground out 4-3 (Groundball, 4, EV 107.5 MPH)
Bottom of the 7th over - 1 run, 2 hits, 0 errors, 1 left on base; Reno 5 - Iowa 2
TOP OF THE 8TH
Reno Aces batting - Pitching for Iowa Cubs : RHP Andy Temples
Pitching: RHP Joe Pate
Batting: RHB Alex Vasquez 0-0: Called Strike
0-1: Ball
1-1: Ball
2-1: Foul Ball, location: 2F
2-2: Ball
3-2: Fly out, F7 (Flyball, 78M, EV 65.6 MPH)
Batting: RHB Juan Espinoza 0-0: Ball
1-0: Foul Ball, location: 2F
1-1: Called Strike
1-2: Ball
2-2: Foul Ball, location: 2F
2-2: Strikes out swinging
Batting: RHB Toichiro Fujimoto 0-0: Swinging Strike
0-1: Ball
1-1: Foul Ball, location: 2F
1-2: Foul Ball, location: 2F
1-2: Strikes out swinging, 2-3 out at first.
Top of the 8th over - 0 runs, 0 hits, 0 errors, 0 left on base; Reno 5 - Iowa 2
BOTTOM OF THE 8TH
Iowa Cubs batting - Pitching for Reno Aces : LHP Mike Brown
Pitching: RHP Nick Burcham
Batting: LHB Rich Atterberry 0-0: Called Strike
0-1: Swinging Strike
0-2: Ball
1-2: SOLO HOME RUN (Flyball, 9LD, EV 93.1 MPH), Distance : 364 ft
Batting: SHB Seung-ho Zhang 0-0: Fly out, F8 (Flyball, 8LXD, EV 98.1 MPH)
Batting: SHB Nick Chandler 0-0: Foul Ball, location: 2F
0-1: Called Strike
0-2: Ball
1-2: Strikes out looking
Batting: LHB Jose Mojica 0-0: Ball
1-0: Foul Ball, location: 2F
1-1: Reached on error, E3 (Groundball, 34S, EV 85.6 MPH)
Batting: LHB Bobby Adams 0-0: Ball
1-0: Called Strike
1-1: Called Strike
1-2: Fly out, F8 (Line Drive, 8LD, EV 90.6 MPH)
Bottom of the 8th over - 1 run, 1 hit, 1 error, 1 left on base; Reno 5 - Iowa 3
TOP OF THE 9TH
Reno Aces batting - Pitching for Iowa Cubs : RHP Joe Pate
Batting: RHB Joe Smack 0-0: Swinging Strike
0-1: Ball
1-1: Foul Ball, location: 2F
1-2: Strikes out looking and he ARGUES THE CALL AND IS TOSSED!
Batting: RHB Andy Swaim 0-0: Ball
1-0: Swinging Strike
1-1: Ball
2-1: Ball
3-1: Fly out, F6 (Flyball, 56D, EV 90.6 MPH)
Batting: LHB Josh Kirk 0-0: Ball
1-0: Ground out U3 (Groundball, 3L, EV 80.0 MPH)
Top of the 9th over - 0 runs, 0 hits, 0 errors, 0 left on base; Reno 5 - Iowa 3
BOTTOM OF THE 9TH
Iowa Cubs batting - Pitching for Reno Aces : RHP Nick Burcham
Pitching: RHP Bill Pauley
Now in CF: Paul Van Gilder
Batting: LHB Barend van der Kamp 0-0: Foul Ball, location: 2F
0-1: Foul Ball, location: 2F
0-2: Ball
1-2: Ball
2-2: Foul Ball, location: 2F
2-2: Strikes out swinging
Pinch Hitting: LHB J.D. Brenner 0-0: Ball
1-0: SOLO HOME RUN (Flyball, 9LD, EV 95.6 MPH), Distance : 346 ft
Batting: SHB Tim Hone 0-0: Ground out 6-3 (Groundball, 6M, EV 99.4 MPH)
Batting: RHB Butch Koglin 0-0: Ball
1-0: Swinging Strike
1-1: Foul Ball, location: 2F
1-2: Fly out, F8 (Flyball, 8LXD, EV 105.0 MPH)
Bottom of the 9th over - 1 run, 1 hit, 0 errors, 0 left on base; Reno 5 - Iowa 4
Thursday, March 31st , 2022 - OOTP Baseball 22.12 Build 89